TOP OF THE 1ST |
Mile High Broncos batting - Pitching for Albuquerque Isotopes : LHP Sean Perry
|
Pitching: LHP Sean Perry
|
|
Batting: LHB Ernesto López
|
0-0: Ball 1-0: Called Strike 1-1: Foul Ball, location: 2F 1-2: SINGLE (Flyball, 8LS)
|
Batting: LHB Mark Everett
|
0-0: Ball 1-0: Foul Ball, location: 2F 1-1: Fly out, F6 (Line Drive, 6M)
|
Batting: RHB Jeff Packard
|
0-0: SINGLE (Groundball, 56D) Ernesto López to second
|
Batting: LHB Dave Cook
|
0-0: Called Strike Throwing error on steal attempt, E2 Ernesto López scores Jeff Packard to third 0-1: Ball 1-1: Foul Ball, location: 2F 1-2: Ball 2-2: Fly out, F8 (Line Drive, 89D) Runner from 3rd tags up, SCORES, no throw
|
Batting: RHB António Martínez
|
0-0: Ball 1-0: Swinging Strike 1-1: Called Strike 1-2: Foul Ball, location: 2F 1-2: Strikes out swinging
|
Top of the 1st over - 2 run(s), 2 hit(s), 1 error(s), 0 left on base; Mile High 2 - Albuquerque 0 |
BOTTOM OF THE 1ST |
Albuquerque Isotopes batting - Pitching for Mile High Broncos : RHP Dan Bailey
|
Pitching: RHP Dan Bailey
|
|
Batting: RHB Gonzalo Gil
|
0-0: Foul Ball, location: 2F 0-1: Fly out, F8 (Flyball, 8RD)
|
Batting: SHB Clint Woods
|
0-0: Foul Ball, location: 2F 0-1: Ball 1-1: Swinging Strike 1-2: Foul Ball, location: 2F 1-2: Fly out, F6 (Line Drive, 6)
|
Batting: RHB Nick Harris
|
0-0: Called Strike 0-1: Ball 1-1: Swinging Strike 1-2: Ball 2-2: Foul Ball, location: 2F 2-2: Ground out 5-3 (Groundball, 5S)
|
Bottom of the 1st over - 0 run(s), 0 hit(s), 0 error(s), 0 left on base; Mile High 2 - Albuquerque 0 |
TOP OF THE 2ND |
Mile High Broncos batting - Pitching for Albuquerque Isotopes : LHP Sean Perry
|
Batting: RHB John Brown
|
0-0: Swinging Strike 0-1: Called Strike 0-2: Ball 1-2: Ball 2-2: Foul Ball, location: 2F 2-2: Ball 3-2: Foul Ball, location: 2F 3-2: SOLO HOME RUN (Flyball, 78XD), Distance : 389 ft
|
Batting: RHB Edward Williams
|
0-0: SINGLE (Line Drive, 8LS)
|
Batting: RHB Raúl Ruíz
|
0-0: Called Strike 0-1: Foul Ball, location: 2F 0-2: Ball 1-2: Ball 2-2: Strikes out swinging
|
Batting: RHB Bo Vickers
|
0-0: Ball 1-0: Fly out, F6 (Line Drive, 6)
|
Batting: LHB Ernesto López
|
0-0: Ball 1-0: Fly out, F8 (Flyball, 8LS)
|
Top of the 2nd over - 1 run(s), 2 hit(s), 0 error(s), 1 left on base; Mile High 3 - Albuquerque 0 |
BOTTOM OF THE 2ND |
Albuquerque Isotopes batting - Pitching for Mile High Broncos : RHP Dan Bailey
|
Batting: RHB Will Lott
|
0-0: Called Strike 0-1: Ball 1-1: Ball 2-1: Foul Ball, location: 2F 2-2: Ground out 6-3 (Groundball, 6)
|
Batting: LHB Bernardo Montés
|
0-0: Hit by Pitch
|
Batting: LHB José González
|
0-0: Fly out, F9 (Flyball, 9LS)
|
Batting: LHB Ken Nelson
|
0-0: Ball 1-0: Ball 2-0: Ball 3-0: Called Strike 3-1: Base on Balls Bernardo Montés to second
|
Batting: RHB Sam Wallace
|
0-0: Ball 1-0: Foul Ball, location: 2F 1-1: Foul Ball, location: 2F 1-2: Ball 2-2: Foul Ball, location: 2F 2-2: Foul Ball, location: 2F 2-2: SINGLE (Groundball, 4MD) Bernardo Montés to third Ken Nelson to second Runner from 3rd tries for Home, SAFE, no throw
|
Batting: RHB Raúl Bauza
|
0-0: Ground out 5-3 (Groundball, 56S)
|
Bottom of the 2nd over - 1 run(s), 1 hit(s), 0 error(s), 2 left on base; Mile High 3 - Albuquerque 1 |
TOP OF THE 3RD |
Mile High Broncos batting - Pitching for Albuquerque Isotopes : LHP Sean Perry
|
Batting: LHB Mark Everett
|
0-0: Ball 1-0: Called Strike 1-1: Ball 2-1: Ball 3-1: Base on Balls
|
Batting: RHB Jeff Packard
|
0-0: Ball 1-0: Ball 2-0: Ball 3-0: Base on Balls Mark Everett to second
|
Batting: LHB Dave Cook
|
0-0: Called Strike 0-1: Ball 1-1: Swinging Strike 1-2: Strikes out swinging
|
Batting: RHB António Martínez
|
0-0: Swinging Strike 0-1: Swinging Strike 0-2: Ball 1-2: Strikes out swinging
|
Batting: RHB John Brown
|
0-0: SINGLE (Groundball, 6D) Mark Everett to third Jeff Packard to second Runner from 3rd tries for Home, SAFE, no throw
|
Batting: RHB Edward Williams
|
0-0: Called Strike 0-1: SINGLE (Groundball, 6MD) Jeff Packard to third John Brown to second Runner from 3rd tries for Home, SAFE, no throw
|
Batting: RHB Raúl Ruíz
|
0-0: Called Strike 0-1: Ball 1-1: SINGLE (Groundball, 6MD) John Brown to third Edward Williams to second Runner from 3rd tries for Home, SAFE, no throw
|
Pitching: RHP Shiki Kanno
|
|
Batting: RHB Bo Vickers
|
0-0: Called Strike 0-1: Foul Ball, location: 2F 0-2: Fly out, F3 (Popup, 3)
|
Top of the 3rd over - 3 run(s), 3 hit(s), 0 error(s), 2 left on base; Mile High 6 - Albuquerque 1 |
BOTTOM OF THE 3RD |
Albuquerque Isotopes batting - Pitching for Mile High Broncos : RHP Dan Bailey
|
Batting: RHB Gonzalo Gil
|
0-0: Called Strike 0-1: Foul Ball, location: 2F 0-2: Ground out 4-3 (Groundball, 4)
|
Batting: SHB Clint Woods
|
0-0: Foul Ball, location: 2F 0-1: Ball 1-1: Ball 2-1: Ball 3-1: Base on Balls
|
Batting: RHB Nick Harris
|
0-0: Foul Ball, location: 2F 0-1: Ball 1-1: Foul Ball, location: 2F 1-2: Ball 2-2: SINGLE (Flyball, 6MD) Clint Woods to second
|
Batting: RHB Will Lott
|
0-0: Foul Ball, location: 2F 0-1: Ball 1-1: Ball 2-1: Ball 3-1: Base on Balls Clint Woods to third Nick Harris to second
|
Batting: LHB Bernardo Montés
|
0-0: Ball 1-0: Called Strike 1-1: Grounds into double play, 6-4-3 (Groundball, 6)
|
Bottom of the 3rd over - 0 run(s), 1 hit(s), 0 error(s), 2 left on base; Mile High 6 - Albuquerque 1 |
TOP OF THE 4TH |
Mile High Broncos batting - Pitching for Albuquerque Isotopes : RHP Shiki Kanno
|
Batting: LHB Ernesto López
|
0-0: Called Strike 0-1: Ground out 5-3 (Groundball, 56)
|
Batting: LHB Mark Everett
|
0-0: Ball 1-0: Ball 2-0: Fly out, F7 (Line Drive, 7)
|
Batting: RHB Jeff Packard
|
0-0: Fly out, F8 (Flyball, 8RD)
|
Top of the 4th over - 0 run(s), 0 hit(s), 0 error(s), 0 left on base; Mile High 6 - Albuquerque 1 |
BOTTOM OF THE 4TH |
Albuquerque Isotopes batting - Pitching for Mile High Broncos : RHP Dan Bailey
|
Batting: LHB José González
|
0-0: Ball 1-0: Ball 2-0: Ball 3-0: Base on Balls
|
Batting: LHB Ken Nelson
|
0-0: Ball 1-0: Called Strike 1-1: Foul Ball, location: 2F 1-2: Strikes out swinging
|
Batting: RHB Sam Wallace
|
0-0: Ball 1-0: Ball 2-0: Ball 3-0: Ground out 5-3 (Groundball, 56S) José González to second
|
Batting: RHB Raúl Bauza
|
0-0: Ball 1-0: Called Strike 1-1: Ball 2-1: Foul Ball, location: 2F 2-2: Foul Ball, location: 2F 2-2: SINGLE (Line Drive, 8RS) José González to third Runner from 3rd tries for Home, SAFE, no throw
|
Batting: RHB Gonzalo Gil
|
0-0: Ball Raúl Bauza steals 2nd base 1-0: Ball 2-0: Ball 3-0: Base on Balls
|
Batting: SHB Clint Woods
|
0-0: Foul Ball, location: 2F 0-1: SINGLE (Groundball, 34D) Raúl Bauza to third Gonzalo Gil to second Runner from 3rd tries for Home, SAFE, no throw
|
Batting: RHB Nick Harris
|
0-0: Called Strike 0-1: Called Strike 0-2: Ball 1-2: Hit by Pitch Gonzalo Gil to third Clint Woods to second
|
Batting: RHB Will Lott
|
0-0: Fly out, F9 (Flyball, 89S)
|
Bottom of the 4th over - 2 run(s), 2 hit(s), 0 error(s), 3 left on base; Mile High 6 - Albuquerque 3 |
TOP OF THE 5TH |
Mile High Broncos batting - Pitching for Albuquerque Isotopes : RHP Shiki Kanno
|
Batting: LHB Dave Cook
|
0-0: Ball 1-0: Called Strike 1-1: Swinging Strike 1-2: Ball 2-2: Foul Ball, location: 2F 2-2: Foul Ball, location: 2F 2-2: Ball 3-2: Base on Balls
|
Batting: RHB António Martínez
|
0-0: Ball 1-0: Ball 2-0: Called Strike 2-1: Called Strike 2-2: Ball 3-2: Fly out, F7 (Flyball, 7)
|
Batting: RHB John Brown
|
0-0: Grounds into double play, 6-4-3 (Groundball, 6)
|
Top of the 5th over - 0 run(s), 0 hit(s), 0 error(s), 0 left on base; Mile High 6 - Albuquerque 3 |
BOTTOM OF THE 5TH |
Albuquerque Isotopes batting - Pitching for Mile High Broncos : RHP Dan Bailey
|
Batting: LHB Bernardo Montés
|
0-0: Foul Ball, location: 2F 0-1: Ball 1-1: Ball 2-1: Ball 3-1: DOUBLE (Flyball, 78D)
|
Pitching: LHP Domingo Morales
|
|
Batting: LHB José González
|
0-0: Ball 1-0: Called Strike 1-1: Ball 2-1: Ball 3-1: Base on Balls
|
Batting: LHB Ken Nelson
|
0-0: Swinging Strike 0-1: Grounds into double play, 6-4-3 (Groundball, 6) Bernardo Montés to third
|
Batting: RHB Sam Wallace
|
0-0: Ball 1-0: Ball 2-0: Foul Ball, location: 2F 2-1: Ground out 5-3 (Groundball, 56)
|
Bottom of the 5th over - 0 run(s), 1 hit(s), 0 error(s), 1 left on base; Mile High 6 - Albuquerque 3 |
TOP OF THE 6TH |
Mile High Broncos batting - Pitching for Albuquerque Isotopes : RHP Shiki Kanno
|
Batting: RHB Edward Williams
|
0-0: Ground out 6-3 (Groundball, 6)
|
Batting: RHB Raúl Ruíz
|
0-0: Fly out, F5 (Line Drive, 56)
|
Batting: RHB Bo Vickers
|
0-0: Foul Ball, location: 2F 0-1: Ball 1-1: Swinging Strike 1-2: Foul Ball, location: 2F 1-2: Strikes out looking
|
Top of the 6th over - 0 run(s), 0 hit(s), 0 error(s), 0 left on base; Mile High 6 - Albuquerque 3 |
BOTTOM OF THE 6TH |
Albuquerque Isotopes batting - Pitching for Mile High Broncos : LHP Domingo Morales
|
Batting: RHB Raúl Bauza
|
0-0: Ball 1-0: Called Strike 1-1: Swinging Strike 1-2: Foul Ball, location: 2F 1-2: Strikes out swinging
|
Batting: RHB Gonzalo Gil
|
0-0: Ball 1-0: Ball 2-0: Called Strike 2-1: Fly out, F6 (Flyball, 6D)
|
Batting: SHB Clint Woods
|
0-0: Ball 1-0: Ball 2-0: Foul Ball, location: 2F 2-1: Ball 3-1: Foul Ball, location: 2F 3-2: Foul Ball, location: 2F 3-2: Base on Balls
|
Batting: RHB Nick Harris
|
0-0: Called Strike 0-1: Ball 1-1: Ball 2-1: Ball 3-1: Foul Ball, location: 2F 3-2: SINGLE (Line Drive, 89S) Clint Woods to second Clint Woods to third
|
Batting: RHB Will Lott
|
0-0: Called Strike 0-1: Swinging Strike 0-2: Ball 1-2: Foul Ball, location: 2F 1-2: Ball 2-2: Ball 3-2: Fly out, F8 (Flyball, 8LM)
|
Bottom of the 6th over - 0 run(s), 1 hit(s), 0 error(s), 2 left on base; Mile High 6 - Albuquerque 3 |
TOP OF THE 7TH |
Mile High Broncos batting - Pitching for Albuquerque Isotopes : RHP Shiki Kanno
|
Batting: LHB Ernesto López
|
0-0: Ball 1-0: Called Strike 1-1: Fly out, F7 (Flyball, 7S)
|
Batting: LHB Mark Everett
|
0-0: Ball 1-0: Ball 2-0: Called Strike 2-1: Ball 3-1: Base on Balls
|
Batting: RHB Jeff Packard
|
0-0: Fly out, F8 (Flyball, 8RM)
|
Batting: LHB Dave Cook
|
0-0: Called Strike 0-1: Ball 1-1: Ball 2-1: Foul Ball, location: 2F 2-2: Ball 3-2: DOUBLE (Groundball, 3L) Mark Everett to third Mark Everett scores
|
Batting: RHB António Martínez
|
0-0: Called Strike 0-1: Swinging Strike 0-2: Foul Ball, location: 2F 0-2: Ball 1-2: Strikes out looking
|
Top of the 7th over - 1 run(s), 1 hit(s), 0 error(s), 1 left on base; Mile High 7 - Albuquerque 3 |
BOTTOM OF THE 7TH |
Albuquerque Isotopes batting - Pitching for Mile High Broncos : LHP Domingo Morales
|
Pitching: RHP José García
|
|
Batting: LHB Bernardo Montés
|
0-0: Ball 1-0: Ball 2-0: SINGLE (Popup, 56D)
|
Batting: LHB José González
|
0-0: Ball 1-0: Ball 2-0: SINGLE (Groundball, 3D) Bernardo Montés to second Runner from 2nd tries for 3rd, SAFE, throw made to third
|
Batting: LHB Ken Nelson
|
0-0: Called Strike 0-1: Swinging Strike 0-2: Grounds into double play, 4-6-3 (Groundball, 34) Bernardo Montés scores
|
Batting: RHB Sam Wallace
|
0-0: Called Strike 0-1: Called Strike 0-2: Ball 1-2: Ball 2-2: Strikes out swinging
|
Bottom of the 7th over - 1 run(s), 2 hit(s), 0 error(s), 0 left on base; Mile High 7 - Albuquerque 4 |
TOP OF THE 8TH |
Mile High Broncos batting - Pitching for Albuquerque Isotopes : RHP Shiki Kanno
|
Pitching: RHP Xavier Castañera
|
|
Batting: RHB John Brown
|
0-0: Swinging Strike 0-1: Foul Ball, location: 2F 0-2: Ball 1-2: Strikes out swinging
|
Batting: RHB Edward Williams
|
0-0: Called Strike 0-1: Foul Ball, location: 2F 0-2: Ball 1-2: Foul Ball, location: 2F 1-2: SINGLE (Flyball, 7S)
|
Batting: RHB Raúl Ruíz
|
0-0: Swinging Strike 0-1: Called Strike 0-2: Ball 1-2: Ball 2-2: Strikes out looking
|
Batting: RHB Bo Vickers
|
0-0: Fly out, F9 (Flyball, 89D)
|
Top of the 8th over - 0 run(s), 1 hit(s), 0 error(s), 1 left on base; Mile High 7 - Albuquerque 4 |
BOTTOM OF THE 8TH |
Albuquerque Isotopes batting - Pitching for Mile High Broncos : RHP José García
|
Batting: RHB Raúl Bauza
|
0-0: Swinging Strike 0-1: Ball 1-1: Ball 2-1: Ball 3-1: Called Strike 3-2: Foul Ball, location: 2F 3-2: Foul Ball, location: 2F 3-2: Base on Balls
|
Pitching: RHP David Bailey
|
|
Batting: RHB Gonzalo Gil
|
0-0: Called Strike 0-1: Ball 1-1: Ball 2-1: Ground out 5-3 (Groundball, 56S) Raúl Bauza to second
|
Batting: SHB Clint Woods
|
0-0: DOUBLE (Flyball, 8RD) Raúl Bauza scores
|
Batting: RHB Nick Harris
|
0-0: Ball 1-0: Ball 2-0: Ball 3-0: Called Strike 3-1: Base on Balls
|
Pinch Hitting: LHB Fernando Ortíz
|
0-0: DOUBLE (Flyball, 8RXD) Clint Woods scores Nick Harris to third Runner from 3rd tries for Home, SAFE, no throw
|
Batting: LHB Bernardo Montés
|
0-0: Intentional Walk
|
Pitching: LHP Jorge García
|
|
Batting: LHB José González
|
0-0: Called Strike 0-1: Ball 1-1: Foul Ball, location: 2F 1-2: Grounds into double play, 3-6-3 (Groundball, 34)
|
Bottom of the 8th over - 3 run(s), 2 hit(s), 0 error(s), 1 left on base; Mile High 7 - Albuquerque 7 |
TOP OF THE 9TH |
Mile High Broncos batting - Pitching for Albuquerque Isotopes : RHP Xavier Castañera
|
Pitching: LHP Austin Wall
|
|
Now at 1B: Jesse McKnight
|
|
Pinch Hitting: RHB Rodney González
|
0-0: Ball 1-0: Swinging Strike 1-1: Ground out 5-3 (Groundball, 56S)
|
Pinch Hitting: RHB David Moran
|
0-0: Called Strike 0-1: Swinging Strike 0-2: SINGLE (Flyball, 9LS)
|
Batting: RHB Jeff Packard
|
0-0: Ball 1-0: Ball 2-0: Ball 3-0: Base on Balls David Moran to second
|
Batting: LHB Dave Cook
|
0-0: Called Strike 0-1: Called Strike 0-2: Ball 1-2: Strikes out swinging
|
Batting: RHB António Martínez
|
0-0: Ball 1-0: Ball 2-0: Called Strike 2-1: Fielders Choice at 2nd, 6-4 (Groundball, 56)
|
Top of the 9th over - 0 run(s), 1 hit(s), 0 error(s), 1 left on base; Mile High 7 - Albuquerque 7 |
|